 Dungeon Crawl Stone Soup version 0.23.0 (webtiles) character file.

Game seed: 10290851072847241242

111 IcyTea the Shooter (level 4, -4/26 HPs)
             Began as a Tengu Hunter on Feb 8, 2019.
             Slain by a gnoll
             ... wielding a +1 flail of crushing
              (11 damage)
             ... on level 2 of the Dungeon.
             The game lasted 00:05:27 (1157 turns).

IcyTea the Shooter (Tengu Hunter)                   Turns: 1157, Time: 00:05:28

Health: -4/26      AC:  6    Str: 14    XL:     4   Next: 92%
Magic:  5/5        EV: 10    Int: 11    God:
Gold:   39         SH:  0    Dex: 14    Spells: 3/3 levels left

rFire    . . .     SeeInvis .   a - +1 shortbow
rCold    . . .     Gourm    .   (shield currently unavailable)
rNeg     . . .     Faith    .   h - +0 scale mail
rPois    .         Spirit   .   (helmet restricted)
rElec    .         Reflect  .   (no cloak)
rCorr    .         Harm     .   (no gloves)
MR       .....                  (boots unavailable)
Stlth    ..........             (no amulet)
HPRegen  0.08/turn              (no ring)
MPRegen  0.09/turn              (no ring)

@: no status effects
A: beak, talons 3
a: no special abilities


You were on level 2 of the Dungeon.
You were not hungry.

You visited 1 branch of the dungeon, and saw 2 of its levels.

You collected 39 gold pieces.

Inventory:

Hand Weapons
 a - a +1 shortbow (weapon)
 b - a +0 short sword
Missiles
 d - 25 arrows (quivered)
Armour
 h - a +0 scale mail (worn)
Wands
 m - a wand of digging (5)
Scrolls
 g - a scroll of teleportation {unknown}
 i - a scroll of noise {unknown}
 j - a scroll of immolation {unknown}
 k - 2 scrolls of identify {unknown}
Potions
 c - a potion of curing {unknown}
 e - a potion of berserk rage {unknown}
Comestibles
 f - 2 rations
 l - 3 chunks of flesh


   Skills:
 - Level 2.0 Fighting
 + Level 6.7 Bows
 - Level 2.1 Dodging
 - Level 1.0 Stealth


You had 3 spell levels left.
You didn't know any spells.
Your spell library was empty.

Dungeon Overview and Level Annotations

Branches:
Dungeon (2/15)

Altars:
Uskayaw
Xom


Innate Abilities, Weirdness & Mutations

You have a beak for a mouth.
You have claws for feet.


Message History

Press: ? - help, Shift-Dir - straight line, f/p - gnoll
Aim: a gnoll, wielding a +1 flail of crushing (heavily wounded)
You shoot an arrow. The arrow hits the gnoll.
The gnoll is severely wounded.
The gnoll hits you with a +1 flail of crushing.
Firing (i - inventory)
d - 27 arrows (quivered)
Press: ? - help, Shift-Dir - straight line, f/p - gnoll
Aim: a gnoll, wielding a +1 flail of crushing (severely wounded)
You shoot an arrow. The arrow hits the gnoll.
The gnoll is almost dead.
The gnoll hits you with a +1 flail of crushing.
* * * LOW HITPOINT WARNING * * *
Firing (i - inventory)
d - 26 arrows (quivered)
Press: ? - help, Shift-Dir - straight line, f/p - gnoll
Aim: a gnoll, wielding a +1 flail of crushing (almost dead)
You shoot an arrow. The arrow barely misses the gnoll.
The arrow hits the jackal.
The jackal is severely wounded.
The gnoll hits you with a +1 flail of crushing!
You die...

####### #.....# ####.....#
.........# .........#
.......†.# .........#
.........###################.(
................@ghh...(...(..
..............#####....###.#h
#.######......# #....# #.#
#......# #....#
#.######......# #....#
..............#######.##
.>................# #.#
...........###....# #.#
.........#.###....# #.#


You could see a gnoll and 2 jackals.

Vanquished Creatures
  Jessica (D:2)
  2 gnolls
  2 adders (D:2)
  2 dart slugs
  2 leopard geckos (D:1)
  A giant cockroach (D:2)
  3 goblins (D:1)
  6 hobgoblins
  7 jackals
  A ball python (D:2)
  5 bats
  2 frilled lizards (D:1)
  3 kobolds
  5 rats
42 creatures vanquished.

Notes
Turn   | Place    | Note
-------+----------+-------------------------------------------
     0 | D:1      | IcyTea the Tengu Hunter began the quest for the Orb.
     0 | D:1      | Reached XP level 1. HP: 12/12 MP: 2/2
    85 | D:1      | Reached XP level 2. HP: 17/17 MP: 3/3
   113 | D:1      | Reached skill level 5 in Bows
   324 | D:1      | Reached XP level 3. HP: 17/21 MP: 4/4
   687 | D:2      | Found a hide-covered altar of Uskayaw.
   687 | D:2      | Found a shimmering altar of Xom.
  1007 | D:2      | Reached skill level 6 in Bows
  1007 | D:2      | Reached XP level 4. HP: 23/26 MP: 5/5
  1018 | D:2      | Noticed Jessica
  1021 | D:2      | Killed Jessica
  1157 | D:2      | Slain by a gnoll

Skill      XL: |  1  2  3 |
---------------+----------+-----
Bows           | 5 6 |  6.7
Fighting       | |  2.0
Dodging        | |  2.1
Stealth        | |  1.0

Action                   |  1- 3 |  4- 6 || total
-------------------------+-------+-------++-------
Melee: Short sword       |    49 |     7 ||    56
       Peck              |     9 |     1 ||    10
       Kick              |    17 |     2 ||    19
 Fire: Shortbow          |    43 |    28 ||    71
  Eat: Chunk             |       |     1 ||     1
Armor: Leather armour    |     2 |       ||     2
       Scale mail        |    30 |    10 ||    40
Dodge: Dodged            |    26 |     9 ||    35
